 Dungeon Crawl Stone Soup version 0.22-a0-247-gbddf880 (webtiles) character file.

20982 4thArraOfDagon the Covert (level 12, -7/57 HPs)
             Began as a Felid Transmuter on Feb 27, 2018.
             Was a High Priest of Cheibriados.
             Killed from afar by an orc sorcerer (36 damage)
             ... with a bolt of negative energy
             ... led by an orc knight
             ... while paralysed by an orc sorcerer
             ... on level 1 of the Orcish Mines.
             The game lasted 00:43:22 (9892 turns).

4thArraOfDagon the Covert (Felid Transmuter)        Turns: 9892, Time: 00:43:22

Health: -7/57      AC:  8    Str: 19    XL:     12   Next: 50%
Magic:  22/29      EV:  1    Int: 30    God:    Cheibriados [*****.]
Gold:   771        SH:  0    Dex: 28    Spells: 6/21 levels left
                                        Lives:  0   Deaths: 3

rFire    x . .     SeeInvis +     - Unarmed
rCold    + + +     Gourm    .   (shield unavailable)
rNeg     . . .     Faith    .   (armour unavailable)
rPois    +         Spirit   .   (helmet unavailable)
rElec    .         Reflect  .   (cloak unavailable)
rCorr    .         Harm     .   (gloves unavailable)
MR       +....     Rnd*Rage +   (boots unavailable)
Stlth    ++++++....             f - amulet of rage
HPRegen  0.19/turn              B - ring of magical power
MPRegen  0.21/turn              w - +2 ring of protection

@: paralysed, ice-form, very slightly contaminated, drained, very slow
A: large, no armour, no weapons or thrown items, stealth, see invisible, berserk
1, carnivore, frail 1, slow metabolism 1, strong 1
a: End Transformation, Bend Time, Temporal Distortion, Slouch, Step From Time,
Renounce Religion, Evoke Berserk Rage


You were on level 1 of the Orcish Mines.
You worshipped Cheibriados.
Cheibriados was extremely pleased with you.
You were very full.
You were a creature of crystalline ice.
You visited 3 branches of the dungeon, and saw 17 of its levels.
You also visited: Ice Cave.

You collected 771 gold pieces.

Inventory:

Missiles
 a - 360 arrows
Jewellery
 c - an uncursed amulet of the acrobat
 f - an amulet of rage (around neck)
 k - an uncursed ring of poison resistance
 n - an uncursed ring of stealth
 u - an uncursed ring of fire
 w - a +2 ring of protection (right front paw)
 y - an uncursed ring of stealth
 z - the ring "Gisyge" {Fire -Tele rPois Int+6 Dex+3}
   (You found it on level 12 of the Dungeon)

   [ring of fire]

   It enhances your fire magic.
   It affects your intelligence (+6).
   It affects your dexterity (+3).
   It protects you from fire.
   It makes you vulnerable to cold.
   It protects you from poison.
   It prevents most forms of teleportation.
 B - a ring of magical power (left front paw)
Wands
 v - a wand of iceblast (2)
 x - a wand of flame (34)
 C - a wand of scattershot (5)
 H - a wand of clouds (6)
Scrolls
 d - 6 scrolls of teleportation
 e - 3 scrolls of amnesia {unknown}
 h - a scroll of immolation
 j - 4 scrolls of fog
 o - 5 scrolls of remove curse {unknown}
 p - a scroll of noise {unknown}
 q - a scroll of magic mapping
 t - a scroll of fear {unknown}
 D - 3 scrolls of enchant armour {unknown}
 G - a scroll of acquirement {unknown}
 J - a scroll of torment {unknown}
 K - 3 scrolls of vulnerability {unknown}
Potions
 g - 3 potions of heal wounds
 i - 2 potions of ambrosia
 l - a potion of agility
 m - 3 potions of flight
 r - 4 potions of curing
 s - a potion of brilliance
 A - 2 potions of resistance
 E - 3 potions of cancellation
 F - 2 potions of berserk rage
 I - a potion of lignification {unknown}
Comestibles
 b - 32 rations


   Skills:
 - Level 7.3(6.5) Fighting
 + Level 10.5(9.7) Dodging
 * Level 14.8(13.9) Stealth
 * Level 11.4(10.6) Unarmed Combat
 - Level 5.1(4.4) Spellcasting
 - Level 6.0(5.3) Transmutations
 - Level 10.1(9.3) Invocations
 - Level 4.2(3.5) Evocations


You had 6 spell levels left.
You knew the following spells:

 Your Spells              Type           Power        Failure   Level  Hunger
a - Beastly Appendage     Tmut           #####.       1%          1    None
b - Sticks to Snakes      Tmut           #####...     1%          2    None
c - Spider Form           Tmut/Pois      ###.......   6%          3    #......
d - Blade Hands           Tmut           #####.....   19%         5    #####..
e - Ice Form              Ice/Tmut       ###.....     21%         4    ###....


Dungeon Overview and Level Annotations

Branches:
Dungeon (15/15)            Temple (1/1) D:6            Lair (0/6) D:11
    Orc (1/2) D:11         Vaults (0/5) D:13         Depths (0/5) D:15

Altars:
Ashenzari
Cheibriados
Dithmenos
Elyvilon
Fedhas
Gozag
Hepliaklqana
Kikubaaqudgha
Makhleb
Nemelex Xobeh
Okawaru
Qazlal
Ru
Sif Muna
Trog
Uskayaw
Vehumet
Wu Jian
Xom
Yredelemnul
Zin
The Shining One

Shops:
D:8 [   D:9 }   D:10 *

Portals:
Trove: D:14 (show abyssal rune of Zot)

Annotations:
D:6 exclusion: centaur


Innate Abilities, Weirdness & Mutations

You cannot wear armour.
You are incapable of wielding weapons or throwing items.
Your paws allow you to move quietly. (Stealth)
((You have sharp claws.))
((You have razor-sharp teeth.))
You have supernaturally acute eyesight. (SInv)
You are carnivorous and can eat meat at any time.
((You cover ground quickly.))
((Your thick and shaggy fur keeps you warm. (AC +3, rC+)))
You have a slow metabolism.
((Your sharp claws are effective at attacking unaware monsters.))
You tend to lose your temper in combat.
You are frail. (-10% HP)
((You are resistant to electric shocks. (rElec)))
Your muscles are strong. (Str +2)


Message History

There is a fountain of sparkling water here.
There is an ice covered gate leading back out of this place here.
There is an ice covered gate leading back out of this place here.
Casting: Ice Form (slightly dangerous; 16% risk of failure)
Confirm with . or Enter, or press ? or * to list all spells.
You miscast Ice Form.
You are very lightly contaminated with residual magic.
Your paws glow momentarily.
Casting: Ice Form (slightly dangerous; 16% risk of failure)
Confirm with . or Enter, or press ? or * to list all spells.
You turn into a creature of crystalline ice.
Welcome back to the Orcish Mines!
The orc knight hits you with an enchanted great mace!!
The orc sorcerer casts a spell at you.
You suddenly lose the ability to move!
The orc shouts!
The orc sorcerer casts a spell at you. The bolt of negative energy hits you!
You feel drained.
Ouch! That really hurt!
You die...

.. .. ..### ....
.#.#.#### #...#
......#.###.#.##
#...o#...#.....#
.........[#o#..##
......o....##...#
#..)..Y........##
#.#...[.[[.......#
........[.....$.#
......#.##.....##
.......###....##
...#.........##
#.$.........##
..........###
..........##


You could see an orc knight, an orc sorcerer and an orc.

Vanquished Creatures
  Louise (D:14)
  Nessos (D:14)
  2 hydras
  A centaur warrior (D:13)
  3 two-headed ogres
  The ghost of B1inky the Martial Artist, a novice OpFi of Makhleb (D:8)
  2 tengu warriors (D:12)
  Urug (D:14)
  An unseen horror (D:14)
  A necromancer (IceCv)
  An orc knight (Orc:1)
  An ugly thing (D:11)
  A deep elf mage (D:12)
  2 cyclopes (D:11)
  3 centaur zombies
  A guardian serpent (shapeshifter) (D:15)
  2 ice statues (IceCv)
  2 gargoyles
  3 centaur skeletons
  5 ice devils (IceCv)
  6 trolls
  A queen bee (D:9)
  Prince Ribbit (D:5)
  3 hippogriffs
  2 hornets (shapeshifter)
  An ettin skeleton (D:15)
  A vampire (D:13)
  A basilisk (D:14)
  5 wraiths
  4 yaks
  Eustachio (D:5)
  7 vampire mosquitoes (D:12)
  A warg (Orc:1)
  2 soldier ants (D:13)
  A water moccasin (D:11)
  3 porcupines (D:11)
  10 ice beasts
  The ghost of ThereIsNoGod the Magician, an amateur SpVM (D:4)
  6 black bears
  11 orc warriors
  8 sky beasts
  2 necrophages
  5 ogres
  3 phantoms
  5 boggarts (D:12)
  12 centaurs
  4 big kobolds
  A gnoll sergeant (D:10)
  8 bullfrogs
  A water moccasin zombie (D:11)
  8 scorpions
  43 killer bees
  2 howler monkeys (D:10)
  7 crimson imps
  2 bullfrog zombies (D:12)
  3 draconian simulacra (IceCv)
  2 jellies
  5 orc priests
  2 hounds
  A bullfrog skeleton (D:7)
  8 orc wizards
  4 iguanas
  A troll simulacrum (IceCv)
  3 worker ants
  2 centaur simulacra (IceCv)
  A hound skeleton (D:7)
  A worker ant zombie (D:8)
  8 gnolls
  An ogre simulacrum (IceCv)
  13 adders
  3 naga simulacra (IceCv)
  3 shadow imps
  An ooze (D:5)
  A worm (D:4)
  A dart slug (D:3)
  7 leopard geckos
  30 orcs
  5 bats
  2 giant cockroaches
  3 goblins
  5 hobgoblins
  9 jackals
  12 kobolds
  5 quokkas
  A ball python (D:4)
  4 frilled lizards
  A leopard gecko zombie (D:6)
  2 quokka zombies
  6 rats
370 creatures vanquished.

Vanquished Creatures (others)
  21 fungi (D:11)
  6 plants (D:11)
27 creatures vanquished.

Grand Total: 397 creatures vanquished

Notes
Turn   | Place    | Note
-------+----------+-------------------------------------------
     0 | D:1      | 4thArraOfDagon the Felid Transmuter began the quest for the Orb.
     0 | D:1      | Reached XP level 1. HP: 9/9 MP: 4/4
   293 | D:3      | Reached skill level 1 in Stealth
   293 | D:3      | Reached XP level 2. HP: 11/12 MP: 4/6
   473 | D:4      | Found a bloodstained altar of Trog.
   515 | D:5      | Entered Level 5 of the Dungeon
   619 | D:6      | Learned a level 2 spell: Sticks to Snakes
   719 | D:7      | Noticed a crimson imp
   720 | D:7      | Noticed a centaur
   735 | D:6      | Killed a crimson imp
   735 | D:6      | Reached skill level 2 in Stealth
   735 | D:6      | Reached skill level 1 in Evocations
   735 | D:6      | Reached XP level 3. HP: 12/15 MP: 7/7
   818 | D:6      | Noticed a centaur
   823 | D:6      | Gained mutation: You tend to lose your temper in combat. [potion of mutation]
   823 | D:6      | Gained mutation: You often lose your temper in combat. [potion of mutation]
   823 | D:6      | Gained mutation: You are partially covered in slimy green scales. (AC +2) [potion of mutation]
   835 | D:6      | Found a bloodstained altar of Trog.
   886 | D:5      | Noticed Prince Ribbit
   921 | D:7      | Noticed a bullfrog
   927 | D:7      | Killed a bullfrog
   927 | D:7      | Reached XP level 4. HP: 19/19 MP: 8/8
   994 | D:8      | Noticed a hippogriff
  1097 | D:7      | Reached skill level 3 in Stealth
  1097 | D:7      | Reached XP level 5. HP: 22/22 MP: 9/9
  1144 | D:7      | Noticed a necrophage
  1144 | D:7      | Noticed a black bear
  1183 | D:7      | Killed a black bear
  1370 | D:6      | Killed a centaur
  1370 | D:6      | Gained mutation: You are covered in thick fur. (AC +2) [Felid growth]
  1370 | D:6      | Reached XP level 6. HP: 26/26 MP: 9/11
  1382 | D:6      | Learned a level 3 spell: Spider Form
  1409 | D:5      | Noticed Eustachio
  1430 | D:5      | Killed Eustachio
  1430 | D:5      | Reached skill level 4 in Stealth
  1480 | D:5      | Reached XP level 7. HP: 21/30 MP: 8/12
  1529 | D:4      | Noticed ThereIsNoGod's ghost (amateur SpVM)
  1563 | D:4      | Killed ThereIsNoGod's ghost
  1629 | D:5      | Reached skill level 5 in Stealth
  1700 | D:5      | Reached skill level 5 in Unarmed Combat
  1902 | D:6      | Found a staircase to the Ecumenical Temple.
  1916 | Temple   | Entered the Ecumenical Temple
  1960 | Temple   | Became a worshipper of Cheibriados the Contemplative
  2026 | D:6      | Learned a level 5 spell: Blade Hands
  2052 | D:6      | Was placed under penance by Cheibriados
  2078 | D:5      | Killed Prince Ribbit
  2078 | D:5      | Reached skill level 1 in Invocations
  2078 | D:5      | Reached XP level 8. HP: 18/34 MP: 13/13
  2153 | D:3      | Was forgiven by Cheibriados
  2439 | D:2      | Lost mutation: You often lose your temper in combat. [potion of mutation]
  2439 | D:2      | Lost mutation: You tend to lose your temper in combat. [potion of mutation]
  2439 | D:2      | Lost mutation: You are partially covered in slimy green scales. (AC +2) [potion of mutation]
  2439 | D:2      | Gained mutation: Your spells are a little easier to cast, but a little less powerful. [potion of mutation]
  2439 | D:2      | Gained mutation: You are resistant to electric shocks. (rElec) [potion of mutation]
  2921 | D:4      | Reached * piety under Cheibriados
  2921 | D:4      | Reached skill level 6 in Stealth
  3836 | D:7      | Reached skill level 5 in Dodging
  3981 | D:8      | Found Ysolub's Antique Armour Shoppe.
  3986 | D:8      | Killed a hippogriff
  3986 | D:8      | Reached skill level 7 in Stealth
  4045 | D:8      | Reached XP level 9. HP: 15/38 MP: 10/15
  4131 | D:8      | Reached ** piety under Cheibriados
  4179 | D:8      | Noticed a two-headed ogre
  4187 | D:8      | Killed a two-headed ogre
  4187 | D:8      | Reached skill level 8 in Stealth
  4240 | D:8      | Slain by a bullfrog
  4241 | D:8      | Reached XP level 8. HP: 0/35 MP: 15/15
  4323 | D:8      | Reached skill level 5 in Transmutations
  4605 | D:9      | Noticed a troll
  4609 | D:9      | Killed a troll
  4609 | D:9      | Reached XP level 9. HP: 28/39 MP: 16/16
  4652 | D:9      | Reached skill level 9 in Stealth
  4675 | D:9      | Noticed a troll
  4683 | D:9      | Killed a troll
  4774 | D:9      | Reached *** piety under Cheibriados
  4833 | D:10     | Entered Level 10 of the Dungeon
  4836 | D:10     | Reached skill level 5 in Invocations
  4970 | D:10     | Found Siffyo's Demolitions Depot.
  5160 | D:11     | Was placed under penance by Cheibriados
  5162 | D:11     | Reached XP level 10. HP: 12/43 MP: 16/18
  5188 | D:11     | Noticed a gargoyle
  5193 | D:11     | Killed a gargoyle
  5193 | D:11     | Reached skill level 5 in Fighting
  5211 | D:11     | Noticed a cyclops
  5217 | D:11     | Killed a cyclops
  5217 | D:11     | Reached skill level 10 in Stealth
  5217 | D:11     | Reached skill level 5 in Spellcasting
  5264 | D:11     | Was forgiven by Cheibriados
  5276 | D:11     | Learned a level 4 spell: Ice Form
  5297 | D:11     | Noticed a cyclops
  5304 | D:11     | Killed a cyclops
  5444 | D:11     | Noticed a white ugly thing
  5445 | D:11     | Found a staircase to the Lair.
  5453 | D:11     | Killed a white ugly thing
  5511 | D:12     | You fall through a shaft for 3 floors!
  5511 | D:15     | Entered Level 15 of the Dungeon
  5511 | D:15     | Noticed a necromancer
  5511 | D:15     | Noticed a skeletal warrior
  5511 | D:15     | Noticed a centaur warrior
  5512 | D:15     | Found a staircase to the Depths.
  5512 | D:15     | Noticed a vampire mage
  5579 | D:15     | Reached **** piety under Cheibriados
  5598 | D:14     | Noticed a gargoyle
  5605 | D:14     | Killed a gargoyle
  5605 | D:14     | Reached skill level 11 in Stealth
  5646 | D:14     | Noticed Louise
  5659 | D:14     | Killed Louise
  5659 | D:14     | Reached XP level 11. HP: 48/48 MP: 19/19
  5673 | D:14     | Noticed Urug
  5742 | D:12     | Found a white marble altar of Elyvilon.
  5823 | D:12     | Got a slimy wooden ring
  5825 | D:12     | Identified the ring "Gisyge" {Fire -Tele rPois Int+6 Dex+3} (You found it on level 12 of the Dungeon)
  6118 | D:14     | Noticed an unseen horror
  6126 | D:14     | Killed an unseen horror
  6150 | D:14     | Noticed a catoblepas
  6178 | D:14     | Mangled by a catoblepas
  6179 | D:14     | Reached XP level 10. HP: -13/54 MP: 27/27
  6181 | D:14     | Noticed Nessos
  6188 | D:14     | Killed Nessos
  6188 | D:14     | Reached skill level 12 in Stealth
  6203 | D:14     | Noticed a seven-headed hydra
  6209 | D:14     | Killed a seven-headed hydra
  6267 | D:15     | Noticed a guardian serpent
  6272 | D:15     | Killed a guardian serpent
  6290 | D:15     | Noticed a caustic shrike zombie
  6360 | D:14     | Noticed a sun demon
  6391 | D:14     | Reached XP level 11. HP: 42/49 MP: 19/19
  6399 | D:14     | Found a portal to a secret trove of treasure.
  6417 | D:14     | Slain by a guardian mummy
  6418 | D:14     | Reached XP level 10. HP: -1/46 MP: 27/27
  6428 | D:14     | Killed Urug
  6557 | D:13     | Reached ***** piety under Cheibriados
  6601 | D:13     | Noticed a two-headed ogre
  6602 | D:13     | Noticed a two-headed ogre
  6611 | D:13     | Killed a two-headed ogre
  6612 | D:13     | Killed a two-headed ogre
  6635 | D:13     | Found a gate to the Vaults.
  6689 | D:13     | Noticed a centaur warrior
  6724 | D:13     | Killed a centaur warrior
  6724 | D:13     | Reached skill level 10 in Unarmed Combat
  6805 | D:13     | Reached skill level 13 in Stealth
  6813 | D:13     | Reached XP level 11. HP: 44/49 MP: 19/19
  6817 | D:13     | Lost mutation: Your spells are a little easier to cast, but a little less powerful. [potion of mutation]
  6817 | D:13     | Gained mutation: You are frail. (-10% HP) [potion of mutation]
  6817 | D:13     | Gained mutation: You tend to lose your temper in combat. [potion of mutation]
  6817 | D:13     | Gained mutation: Your muscles are strong. (Str +2) [potion of mutation]
  6911 | D:12     | Noticed a deep elf mage
  6915 | D:12     | Killed a deep elf mage
  7014 | D:11     | Noticed a four-headed hydra
  7021 | D:11     | Killed a four-headed hydra
  7386 | D:9      | Found Reshrygh's Gadget Shoppe.
  7459 | D:9      | Reached ****** piety under Cheibriados
  7694 | D:8      | Noticed B1inky's ghost (novice OpFi)
  7702 | D:8      | Killed B1inky's ghost
  7943 | D:8      | Reached skill level 14 in Stealth
  8297 | D:9      | You fall through a shaft for 3 floors!
  8315 | D:12     | Noticed a tengu warrior
  8316 | D:12     | Reached skill level 10 in Dodging
  8318 | D:12     | Killed a tengu warrior
  8318 | D:12     | Gained mutation: Your thick and shaggy fur keeps you warm. (AC +3, rC+) [Felid growth]
  8318 | D:12     | Reached XP level 12. HP: 48/48 MP: 19/20
  8319 | D:12     | Noticed a tengu warrior
  8321 | D:12     | Killed a tengu warrior
  9015 | D:11     | Found a staircase to the Orcish Mines.
  9020 | Orc:1    | Entered Level 1 of the Orcish Mines
  9051 | Orc:1    | Found a frozen archway.
  9059 | Orc:1    | Reached skill level 10 in Invocations
  9076 | IceCv    | Entered an ice cave
  9891 | Orc:1    | Paralysed by an orc sorcerer for 2 turns
  9892 | Orc:1    | Killed from afar by an orc sorcerer

Vault maps used:
D:1:      dpeg_arrival_central
D:2:      first_ration
D:3:      minivault_14
D:4:      kennysheep_big_empty_room, bloody_trog
D:5:      uniq_prince_ribbit1, uniq_eustachio
D:6:      kennysheep_little_box, minmay_temple_entry_purple_smoke
D:8:      serial_shops, shop
D:9:      serial_shops, shop, special_room
D:10:     hangedman_pestilent_swarm, nicolae_blasting_shop
D:11:     due_lair_maze_entry_diamond, orc_0_dummy
D:12:     basic_altar, kennysheep_generic_room_14
D:13:     david_vaults_1, lemuel_flamethrower_1
D:14:     nicolae_trove_entry_path_of_doom, solitary_fountain, uniq_nessos,
          uniq_urug, uniq_louise
D:15:     gammafunk_depths_entry_grave, grunt_decor_one_mirror
Temple:   kilobyte_greek_temple
Orc:1:    portal_ice_cave_entry_ice_beasts, basic_altar
IceCv:    ice_cave_tombish

Skill      XL: |  1  2  3  4  5  6  7  8  9 10 11 12 |
---------------+-------------------------------------+-----
Stealth        | 1 2 3 4 5 7 9 13 14 | 14.8
Dodging        | 3 4 5 6 9 10 | 10.5
Evocations     | 1 2 3 4 |  4.2
Fighting       | 2 3 4 5 7 |  7.3
Unarmed Combat | 4 5 7 10 9 11 | 11.4
Transmutations | 3 5 6 |  6.0
Spellcasting   | 3 4 5 |  5.1
Invocations    | 1 3 5 8 9 10 | 10.1

Action                   |  1- 3 |  4- 6 |  7- 9 | 10-12 || total
-------------------------+-------+-------+-------+-------++-------
Melee: Unarmed           |    34 |    36 |   359 |   452 ||   881
       Headbutt          |     1 |       |       |     1 ||     2
       Bite              |     5 |     5 |     6 |     5 ||    21
       Punch             |       |     1 |     5 |     5 ||    11
 Cast: Beastly Appendage |     5 |       |       |     1 ||     6
       Spider Form       |       |     2 |    19 |       ||    21
       Ice Form          |       |       |       |    40 ||    40
       Blade Hands       |       |       |       |     2 ||     2
Invok: Temporal Distorti |       |       |       |     1 ||     1
       Slouch            |       |       |       |    11 ||    11
 Abil: Evoke Berserk Rag |     3 |     4 |     5 |       ||    12
       End Transformatio |       |       |     1 |     9 ||    10
Evoke: Wand              |       |       |    23 |    23 ||    46
  Use: Scroll            |     3 |     2 |     6 |     7 ||    18
       Potion            |     1 |       |     4 |     7 ||    12
 Stab: Sleeping          |     1 |     2 |    19 |    28 ||    50
       Paralysed         |       |       |    14 |     8 ||    22
       Petrifying        |       |       |       |     2 ||     2
       Petrified         |       |       |       |     1 ||     1
       Distracted        |       |       |       |     2 ||     2
  Eat: Chunk             |     9 |     4 |    19 |    25 ||    57
Armor: Skin              |     1 |     5 |    11 |    44 ||    61
Dodge: Dodged            |    17 |    48 |   302 |   350 ||   717

Table legend:
 A = Spawn XP
 B = Non-spawn XP
 C = Spawn XP percentage of total XP
 D = Spawn monster count
 E = Non-spawn monster count
 F = Spawn count percentage of total count
 G = Total turns spent on level
                    A         B        C        D         E        F      G
               +---------+---------+-------+---------+---------+-------+---------
         Total |       0 |   45021 |   0.0 |       0 |     370 |   0.0 |  9892
               +---------+---------+-------+---------+---------+-------+---------
           D:1 |       0 |      13 |   0.0 |       0 |      10 |   0.0 |   375
           D:2 |       0 |      48 |   0.0 |       0 |      14 |   0.0 |   333
           D:3 |       0 |      69 |   0.0 |       0 |      18 |   0.0 |   380
           D:4 |       0 |     195 |   0.0 |       0 |       7 |   0.0 |   597
           D:5 |       0 |    1072 |   0.0 |       0 |      10 |   0.0 |   755
           D:6 |       0 |     339 |   0.0 |       0 |       7 |   0.0 |   836
           D:7 |       0 |     651 |   0.0 |       0 |      14 |   0.0 |   615
           D:8 |       0 |    3093 |   0.0 |       0 |      23 |   0.0 |   734
           D:9 |       0 |    3746 |   0.0 |       0 |      52 |   0.0 |  1041
          D:10 |       0 |    1235 |   0.0 |       0 |      22 |   0.0 |   425
          D:11 |       0 |    6764 |   0.0 |       0 |      45 |   0.0 |   772
          D:12 |       0 |    6891 |   0.0 |       0 |      49 |   0.0 |   682
          D:13 |       0 |    5582 |   0.0 |       0 |      34 |   0.0 |   798
          D:14 |       0 |    7478 |   0.0 |       0 |      16 |   0.0 |   442
          D:15 |       0 |    1717 |   0.0 |       0 |       5 |   0.0 |   148
         Orc:1 |       0 |    2656 |   0.0 |       0 |      26 |   0.0 |    57
         IceCv |       0 |    3472 |   0.0 |       0 |      18 |   0.0 |   815
               +---------+---------+-------+---------+---------+-------+---------
